← All builds
Tech / Armada / Economy first / OBSERVED BUILD

Standard tech

Armada Tech (Eco) build order · Supreme Isthmus

Rushes T2 by 4:15, gets Advanced Metal Extractor around 5:28, hands off T2 constructors to Geo and the team, then scales eco and supplies the team's T2 needs through the rest of the game.

Usually first T2 con to Geo (83%)

#eco #t2 #team support · 1574 distinct matches · 255 players · 58% of Armada Tech games · team won 53% of 1868 · Recently observed

HOW TO PLAY IT

Key timing: T2 factory by 4:15

  1. Open 3 mex and heavy wind to fund a fast T2 rush.
  2. Put down Bot Lab, planning to eat it for reclaim soon after.
  3. Get Advanced Bot Lab up, hitting the T2 factory rush timing.
  4. Upgrade mex to Advanced Metal Extractor to lock in team metal income.
  5. Eat Advanced Bot Lab and keep sending cons to Geo and Pond.

Phase by phase

TYPICAL OF ITS 1574 GAMES
  1. 1
  2. 2
  3. 3
  4. 4
PLAY THE OPENING

Follow the example game's first 6:00 step by step: what to build now, what comes next, and where it goes. At 1× it keeps pace with your own game.

  1. 1

    Up to the Bot Lab

    Economy
    • Metal Extractor3Mex
    • Wind Turbine4Wind
    Order
    1. Bot LabBot Lab after 3 mex, 4 winddone ~1:18, middle half 1:13–1:32

    Some games also: energy storage (31%)

    By 1:01 in all: 3 mex · 4 wind

    The example game in this phase · 4 steps
    1. Mex ×3
    2. Wind ×4
    3. Energy storage
    4. Bot LabBot Labdone 1:33 · typical 1:18
  2. 2

    Bot Lab to Advanced Bot Lab

    Economy
    • Metal Extractor1Mex
    • Wind Turbine8Wind
    • Energy Storage1Energy storage
    Order
    1. Advanced Bot LabAdvanced Bot Lab after 4 mex, 12 wind, 3 con turretdone ~4:16, middle half 4:04–4:30
    Builders
    • Construction Turret3 Con turret
    • Lazarus3 Lazarus
    • Construction Bot2 Con bot
    • Construction Bot1 Con bot for allies

    Some games also: converter (36%)

    By 3:18 in all: 4 mex · 12 wind · 1 energy storage · 3 con turret

    The example game in this phase · 13 steps
    1. LazarusLazarus
    2. Wind
    3. Construction BotCon bot
    4. LazarusLazarus
    5. Construction BotCon bot
    6. Wind
    7. LazarusLazarus
    8. Wind
    9. Mex
    10. Construction BotCon botfor Air
    11. Con turret ×2
    12. Wind ×2
    13. Advanced Bot LabAdvanced Bot Labdone 4:17 · typical 4:16
  3. 3

    Advanced Bot Lab to 5:00

    Economy
    • Wind Turbine3Wind
    Order
    1. Bot LabEat Bot Lab
    Builders
    • Advanced Construction Bot1 T2 con bot for allies

    Some games also: converter (35%)

    By 5:00 in all: 4 mex · 15 wind · 1 converter · 1 energy storage · 3 con turret

    The example game in this phase · 13 steps
    1. Wind ×2
    2. Converter
    3. Wind
    4. Bot LabEat Bot Labreclaimed for its metal
    5. Converter
    6. Wind
    7. Advanced Construction BotT2 con botfor Geo
    8. Wind
    9. Converter
    10. SharpshooterSniper botfor Ponddone 5:06
    11. Advanced Metal ExtractorT2 mexdone 5:14 · typical 5:29
    12. Wind ×2
    13. Converter
  4. 4

    5:00 to 10:00

    Economy
    • Wind Turbine43Wind
    • Energy Converter6Converter
    Builders
    • Butler9 Butler
    • Advanced Construction Bot4 T2 con bot for allies
    • Advanced Construction Bot1 T2 con bot

    Some games also: con turret (43%) · Butler for allies (37%)

    By 10:00 in all: 4 mex · 58 wind · 8 converter · 1 energy storage · 3 con turret

    The example game in this phase · 185 steps
    1. SharpshooterSniper botfor Pond
    2. Wind
    3. Con turret
    4. Wind ×2
    5. Converter
    6. Advanced Construction BotT2 con botfor Air
    7. Wind ×2
    8. Converter
    9. Wind
    10. Converter
    11. Advanced Metal ExtractorT2 mex
    12. Wind
    13. Converter
    14. Advanced Metal ExtractorT2 mex
    15. Wind
    16. Advanced Construction BotT2 con botfor Pond
    17. Wind
    18. Converter
    19. Advanced Construction BotT2 con botfor Beach sea
    20. Wind
    21. ButlerButler
    22. Wind
    23. ButlerButler
    24. Wind
    25. Advanced Construction BotT2 con botfor Geo sea
    26. Advanced Metal ExtractorT2 mex
    27. Wind
    28. Converter
    29. ButlerButler ×2
    30. Wind
    31. Converter
    32. ButlerButler
    33. Wind
    34. ButlerButler ×2
    35. Converter ×2
    36. Wind
    37. Converter
    38. ButlerButler
    39. Wind
    40. ButlerButler
    41. Wind ×2
    42. Converter
    43. ButlerButler
    44. Wind ×3
    45. Converter
    46. Wind ×2
    47. Advanced Construction BotT2 con bot
    48. Wind
    49. Converter
    50. Wind ×3
    51. Converter
    52. Wind ×4
    53. Con turret
    54. Wind ×2
    55. Converter ×2
    56. Wind ×3
    57. Converter
    58. Wind
    59. Converter
    60. Wind ×2
    61. Converter
    62. Wind ×3
    63. Converter
    64. Wind
    65. Converter
    66. Wind ×2
    67. Metal storage
    68. Converter
    69. Wind ×3
    70. Converter
    71. Wind ×3
    72. Advanced Bot LabEat Advanced Bot Labreclaimed for its metal
    73. Fusion ReactorFusiondone 10:43
    74. Converter
    75. Wind ×3
    76. Converter
    77. Wind
    78. Converter
    79. Wind ×2
    80. Converter ×2
    81. Wind ×3
    82. Converter
    83. Wind ×3
    84. Converter
    85. Wind
    86. Converter
    87. Wind ×3
    88. Converter
    89. Wind ×2
    90. Converter
    91. Wind ×3
    92. Converter
    93. Wind
    94. Converter
    95. Wind ×2
    96. Converter
    97. Con turret
    98. CitadelAnti-nukedone 11:35
    99. Wind ×2
    100. Converter
    101. Wind
    102. Con turret
    103. Wind
    104. Converter
    105. Wind ×2
    106. Con turret
    107. Converter
    108. Wind ×6
    109. Converter
    110. Wind ×3
    111. Converter
    112. Wind
    113. Converter
    114. Wind ×5
    115. Converter
    116. Wind ×4
    117. Converter ×2
    118. TracerTracer
    119. Wind ×5
    120. Converter ×2
    121. Fusion ReactorFusion
    122. Wind
    123. Converter
    124. Wind ×4
    125. Converter
    126. Wind ×2
    127. Converter
    128. Wind ×3
    129. Converter
    130. Wind ×5
    131. Converter
    132. Wind ×5
    133. Converter
    134. Wind ×3
    135. Converter
    136. Wind
    137. Converter
    138. Wind ×4
    139. Converter
    140. Wind ×6
    141. Converter
    142. Advanced Fusion ReactorAdvanced Fusion Reactornot finished by 15:00
    143. Wind ×2
    144. Converter
    145. Wind ×3
    146. Converter
    147. Wind ×4
    148. Converter
    149. Wind
    150. Con turret
    151. Wind ×5
    152. Converter
    153. Con turret
    154. Wind ×3
    155. Converter
    156. Con turret
    157. Wind ×2
    158. Converter
    159. Con turret
    160. Wind ×4
    161. Converter
    162. Wind ×3
    163. ArbalestArbalest
    164. Wind ×3
    165. Converter
    166. Wind ×3
    167. Converter
    168. Wind ×2
    169. Con turret
    170. Converter
    171. Wind
    172. Con turret
    173. Wind ×2
    174. Con turret
    175. Wind
    176. Converter
    177. Wind ×6
    178. Converter
    179. Wind ×5
    180. Converter
    181. Wind
    182. Converter
    183. Wind ×3
    184. Converter
    185. Wind ×2

Counts are medians over the build's games: half of them build more, half fewer. The example game is Atra's (30 OS, 14/10/2026); pick another.

Team trades

IN AT LEAST 30% OF ITS GAMES

You hand over

  • Construction Bot1 Con bot to Airfirst at 2:24 · in 84% of games
  • Advanced Construction Bot5 T2 con bot to Air or Geo sea or Pondfirst at 4:50 · in 99% of games
  • Butler2 Butler to Geo sea or Beach sea or Pondfirst at 9:07 · in 42% of games

You get

  • Hercules1 Light transport from Airfirst at 4:01 · in 86% of games

How it plays out

Typical game of this build, running totals by minute

Metal produced

020k40k
0:005:0010:0015:00

metal

Enemy metal destroyed

050100
0:005:0010:0015:00

metal

Own metal lost

050100150
0:005:0010:0015:00

metal

1868 games.

Show as table
ByMetal produced: This buildEnemy metal destroyed: This buildOwn metal lost: This build
1:0038300
2:0091500
3:00165100
4:00314300
5:00484800
6:00580000
7:00722700
8:00906100
9:001116900
10:001350200
11:001623900
12:001965200
13:002344100
14:0027357074
15:003153885130
WHAT THE NUMBERS SAY

Standard Tech play barely fights at all early, instead pouring metal into T2 infrastructure and constructors for the team.

  • + Metal produced hits 31679 by 15:00, by far the highest of any role here.
  • + T2 factory reached in 97% of games by 4:15, fastest and most reliable T2 timing.
  • − Enemy metal destroyed stays at 0 through 10:00, no early offense at all.
  • − Own metal lost also near 0, showing total avoidance of combat risk.
THE EXAMPLE YOU ARE READING

Atra

30.0 OS · 14/10/2026

Open source match ↗

2 received units
3466 metal received · 148801 energy received

Allied construction assistance is unknown. Timings are observations, not a promise of solo reproducibility.

Typical milestones

Bot Lab1:18Middle 50%: 1:13–1:32 · n=1868
Advanced Bot Lab4:16Middle 50%: 4:04–4:30 · n=1861
Advanced Metal Extractor5:29Middle 50%: 5:06–5:59 · n=1864

Played most by

Amrissa93games of this buildTheGeneraI66games of this buildAdeus57games of this buildEl_Turco56games of this buildKOT_43games of this build
Standard tech · Armada Tech (Eco) build order · BAR Build Atlas